Map: 2000 Atmospheres LE

Players

Sharknado - Winner!

  • Race: Protoss Protoss
  • League: Platinum

Pandemic

  • Race: Terran Terran
  • League: Platinum

VOD

Have the link to the VOD?

Description

Time

  • Played on: Oct. 22, 2021, 5:58 p.m.
  • Length: 10:51
Show
View Real Time Build Order
Export as new Build Order

Sharknado Protoss - Winner!

Build Orders: 1 Gate Expand, Archon Immortal 

Get SALT Encoding   

  12  0:00  Probe  
  13  0:16  Probe  
  14  0:23  Pylon  
  14  0:28  Probe  
  15  0:41  Probe  
  16  0:47  Gateway  
  16  0:53  Probe  
  17  1:06  Probe  
  18  1:13  Assimilator  
  18  1:18  Probe  
  19  1:30  Probe  
  20  1:37  Nexus  
  20  1:50  Cybernetics Core  
  20  2:00  Probe  
  21  2:03  Assimilator  
  21  2:06  Pylon  
  21  2:12  Probe  
  22  2:24  Probe  
  23  2:33  Stalker (Chrono Boost)  
  23  2:35  Warp Gate  
  23  2:37  Probe  
  26  2:49  Probe (Chrono Boost)  
  26  2:51  Probe (Chrono Boost)  
  28  3:00  Probe (Chrono Boost)  
  28  3:01  Probe (Chrono Boost)  
  28  3:05  Probe (Chrono Boost)  
  30  3:06  Probe (Chrono Boost)  
  32  3:16  Probe (Chrono Boost)  
  32  3:17  Probe (Chrono Boost)  
  32  3:18  Robotics Facility  
  34  3:29  Probe (Chrono Boost)  
  34  3:31  Sentry  
  34  3:33  Probe (Chrono Boost)  
  38  3:35  Probe (Chrono Boost), Pylon  
  38  3:39  Probe  
  38  3:40  Pylon  
  40  3:43  Probe  
  40  3:47  Forge, Twilight Council  
  41  3:51  Probe  
  42  3:55  Probe  
  42  3:57  Stalker  
  42  4:02  Immortal (Chrono Boost)  
  45  4:03  Probe  
  45  4:08  Probe  
  51  4:14  Assimilator  
  51  4:15  Probe  
  51  4:16  Assimilator  
  52  4:17  Pylon  
  52  4:20  Probe  
  52  4:24  Charge  
  53  4:28  Probe  
  54  4:36  Gateway  
  54  4:37  Gateway  
  54  4:39  Gateway  
  54  5:02  Gateway  
  54  5:04  Gateway  
  54  5:05  Gateway  
  54  5:09  Gateway  
  54  5:14  Templar Archives  
  54  5:15  Zealot  
  54  5:19  Protoss Ground Weapons Level 1 (Chrono Boost), Observer  
  57  5:23  Pylon  
  57  5:29  Pylon  
  57  5:33  Pylon  
  57  5:35  Pylon  
  57  5:38  Pylon  
  57  5:42  Pylon  
  57  5:43  Zealot  
  57  5:49  Pylon  
  59  6:02  Zealot x5  
  69  6:08  Immortal (Chrono Boost)  
  69  6:09  Zealot x2  
  69  6:10  Zealot  
  79  6:33  High Templar x5  
  79  6:37  Zealot x3  
  79  6:38  Archon x2  
  95  6:47  Warp Prism (Chrono Boost)  
  97  6:59  Zealot  
  97  7:01  Zealot x2, Pylon  
  101  7:05  Pylon  
  103  7:09  Zealot  
  103  7:10  Zealot x4  
  113  7:22  High Templar  
  115  7:24  Zealot x2  
  115  7:28  Archon  
  119  7:30  Protoss Ground Weapons Level 2 (Chrono Boost)  
  119  7:31  Immortal (Chrono Boost)  
  123  7:42  Zealot x5  
  125  8:01  Zealot x3  
  125  8:02  Zealot x3  
  95  8:14  Zealot x2  
  79  8:44  Observer  
  60  8:58  High Templar x6  
  60  8:59  High Templar  
  60  9:00  Zealot  
  60  9:02  Archon  
  76  9:03  Archon x2  
  76  9:08  Immortal  
  80  9:23  Zealot  
  82  9:32  Zealot  
  82  9:34  Zealot x3  
  82  9:35  Zealot x3  
  96  9:45  Stalker  
  96  10:03  Stalker x7  
  88  10:23  Probe x2  
  84  10:35  Probe x2  
Show
View Real Time Build Order
Export as new Build Order

Pandemic Terran 

Build Orders:  

Get SALT Encoding   

  12  0:00  SCV  
  13  0:12  SCV  
  14  0:18  Supply Depot  
  14  0:24  SCV  
  14  0:27  Refinery  
  15  0:39  SCV  
  16  0:46  Barracks  
  16  0:52  SCV  
  17  1:04  SCV  
  18  1:16  SCV  
  19  1:28  SCV  
  20  1:34  Marine  
  21  1:42  Orbital Command  
  21  1:48  Command Center  
  21  1:55  Supply Depot  
  21  2:04  Barracks Reactor  
  22  2:08  SCV  
  22  2:17  Factory  
  22  2:20  Refinery, SCV  
  23  2:30  Bunker  
  23  2:32  SCV  
  24  2:43  Marine x2  
  26  2:44  SCV  
  27  2:57  SCV  
  28  3:01  Orbital Command  
  28  3:04  Widow Mine  
  30  3:07  Starport  
  30  3:09  SCV  
  30  3:11  Marine  
  32  3:19  Marine  
  33  3:21  SCV  
  36  3:27  Widow Mine  
  36  3:28  SCV  
  36  3:33  SCV  
  38  3:38  Barracks  
  38  3:40  Marine, SCV  
  38  3:41  Marine  
  41  3:45  SCV  
  42  3:52  SCV  
  42  3:53  Barracks  
  42  3:54  Supply Depot x2  
  43  3:57  Factory Tech Lab  
  43  3:58  Starport Tech Lab  
  43  3:59  SCV  
  44  4:05  SCV  
  44  4:06  Marine  
  46  4:15  SCV, Marine  
  48  4:20  Supply Depot  
  48  4:23  SCV  
  49  4:27  Starport Reactor  
  49  4:28  SCV, Engineering Bay  
  49  4:29  Factory Reactor  
  50  4:36  SCV  
  51  4:40  SCV  
  51  4:43  Supply Depot  
  52  4:48  SCV  
  52  4:52  Combat Shield, Refinery, Stimpack, SCV  
  54  4:55  Marauder x2, Marine  
  54  4:56  Marine  
  54  4:59  Terran Infantry Weapons Level 1  
  60  5:00  SCV  
  60  5:04  SCV  
  60  5:06  Medivac  
  64  5:07  Medivac  
  64  5:11  Supply Depot  
  64  5:12  SCV  
  64  5:13  Marine  
  70  5:14  Widow Mine x2  
  70  5:16  SCV  
  73  5:22  Marine  
  73  5:23  Refinery  
  73  5:24  SCV  
  73  5:25  Marauder  
  73  5:28  SCV  
  78  5:32  Supply Depot  
  78  5:33  Marauder  
  78  5:34  Supply Depot  
  80  5:36  SCV, Marine  
  80  5:40  SCV  
  83  5:47  Marauder  
  83  5:49  Supply Depot, SCV  
  86  5:54  SCV  
  86  5:55  Marine  
  86  5:56  Marauder, Marine  
  91  6:01  SCV  
  92  6:04  Medivac x2  
  92  6:06  SCV  
  92  6:08  Marauder  
  92  6:11  Concussive Shells  
  99  6:12  Supply Depot  
  99  6:16  Command Center  
  99  6:18  Marauder  
  101  6:25  SCV  
  101  6:26  SCV  
  103  6:33  Supply Depot  
  103  6:34  Supply Depot  
  103  6:38  SCV x2  
  105  6:47  Medivac x2  
  105  6:48  Widow Mine x2  
  105  6:49  Marine  
  105  6:50  SCV x2  
  105  6:52  Marauder  
  118  6:54  Marauder, Marine  
  121  7:02  Supply Depot, SCV x2  
  121  7:06  Supply Depot  
  123  7:10  Widow Mine  
  123  7:14  SCV  
  126  7:17  Widow Mine  
  126  7:18  Marauder x2, Marine x2  
  134  7:25  Engineering Bay  
  134  7:28  Supply Depot, Armory  
  134  7:32  SCV  
  135  7:39  Marauder  
  135  7:45  Medivac x2, Widow Mine x2  
  135  7:48  Refinery  
  135  7:50  Orbital Command, Supply Depot  
  143  7:51  SCV  
  144  8:02  Marauder x2, Marine x2  
  133  8:08  Widow Mine  
  99  8:20  Marine x2  
  99  8:23  Marauder, Marine  
  99  8:24  Command Center  
  102  8:32  Barracks  
  88  8:37  Marine  
  88  8:38  Marine  
  84  8:43  Marine  
  84  8:44  Marine  
  68  8:50  Liberator  
  68  8:54  SCV  
  64  8:55  Marine x2  
  64  9:01  Marine  
  64  9:02  SCV, Marine  
  69  9:13  Marine x2  
  71  9:18  Marine, SCV x2  
  71  9:20  Barracks, Marine  
  75  9:26  Barracks Reactor  
  75  9:30  SCV x2  
  75  9:31  Marine x2  
  79  9:42  SCV x2  
  81  9:50  Medivac  
  81  9:51  Medivac  
  72  9:54  SCV  
  72  9:55  SCV  
  53  10:07  SCV  
  37  10:14  Marine  
  37  10:15  Marine x5  
  37  10:20  Medivac x2  
  39  10:32  Supply Depot  
Tags
 
Add a new tag
Caveats
  • Supply blocks, unpowered buildings, or Contaminate may cause inaccurate times.
  • Supply counts are checked every 10 seconds.